 Dungeon Crawl Stone Soup version 0.29-a0-1039-gfc20370e89 (webtiles) character file.

Game seed: 12750209879572934396

130 BritishOli the Trooper (level 4, -1/37 HPs)
             Began as a Demonspawn Fighter on Aug 15, 2022.
             Frozen to death by an endoplasm (2 damage)
             ... on level 3 of the Dungeon.
             The game lasted 00:01:12 (1924 turns).

BritishOli the Trooper (Demonspawn Fighter)         Turns: 1924, Time: 00:01:12

Health: -1/37      AC:  6    Str: 19    XL:     4   Next: 90%
Magic:  4/4        EV:  9    Int:  9    God:
Gold:   85         SH:  4    Dex: 12    Spells: 3/3 levels left

rFire   . . .      SeeInvis .   a - +0 long sword
rCold   . . .      Faith    .   c - +0 buckler
rNeg    . . .      Spirit   .   b - +0 scale mail
rPois   .          Reflect  .   (helmet restricted)
rElec   .          Harm     .   (no cloak)
rCorr   +          Rampage  .   (no gloves)
Will    .....                   (no boots)
Stlth   ..........              (no amulet)
HPRegen 0.12/turn               j - ring of resist corrosion
MPRegen 0.09/turn               (no ring)

@: no status effects
A: horns 1, spiny 1
a: no special abilities


You were on level 3 of the Dungeon.
You visited 1 branch of the dungeon, and saw 3 of its levels.

You collected 85 gold pieces.

Inventory:

Hand Weapons
 a - a +0 long sword (weapon)
Missiles
 o - 2 throwing nets (quivered)
Armour
 b - a +0 scale mail (worn)
 c - a +0 buckler (worn)
Jewellery
 g - a ring of fire
 j - a ring of resist corrosion (left hand)
Scrolls
 e - 3 scrolls of blinking {unknown}
 f - 2 scrolls of enchant weapon {unknown}
 h - 2 scrolls of acquirement {unknown}
 i - 2 scrolls of identify {unknown}
 k - 2 scrolls of fear {unknown}
 l - a scroll of magic mapping {unknown}
 m - 2 scrolls of immolation {unknown}
 p - a scroll of vulnerability {unknown}
 q - a scroll of amnesia {unknown}
Potions
 d - a potion of might
 n - a potion of haste {unknown}


   Skills:
 + Level 3.8 Fighting
 + Level 2.7 Long Blades
 + Level 3.4 Armour
 + Level 3.4 Shields


You had 3 spell levels left.
You didn't know any spells.
Your spell library contained the following spells:

 Spells                   Type           Power      Damage    Failure   Level
 Apportation              Tloc           0%         N/A       85%         1
 Alistair's Intoxication  Tmut/Pois      0%         N/A       100%        5


Dungeon Overview and Level Annotations

Branches:
Dungeon (3/15)

Altars:


Innate Abilities, Weirdness & Mutations

You have a pair of small horns on your head.
You are partially covered in sharp spines.


Message History

You kill the orc!
The orc wizard casts a spell.
The orc wizard flickers and vanishes!
Deactivating autopickup; reactivate with Ctrl-A.
Something hits you.
You closely miss something. Something hits you but does no damage.
Something hits you.
You hit something. Your headbutt misses something. Something hits you.
You closely miss something. Your headbutt misses something.
Something hits you but does no damage.
You hear some strange, mumbled words.
A magic dart appears from out of thin air!
The magic dart hits you.
You hit something but do no damage.
The orc priest calls down the wrath of Beogh upon you.
Beogh smites you!
* * * LOW HITPOINT WARNING * * *
Something hits you but does no damage.
You miss something. Your headbutt misses something.
Reactivating autopickup.
You feel a bit more experienced.
You closely miss the orc priest. You headbutt the orc priest.
The orc priest is moderately wounded.
You block the orc priest's attack. x2
You hit the orc priest.
The orc priest is severely wounded.
The orc priest mumbles some strange prayers to Beogh against you.
Beogh smites you!
* * * LOW HITPOINT WARNING * * *
You hit the orc priest but do no damage.
The orc priest is severely wounded.
The orc priest hits you but does no damage.
You slash the orc priest!
You kill the orc priest!
The endoplasm hits you but does no damage.
You hit the endoplasm.
The endoplasm is severely wounded.
The endoplasm freezes you.
You are frozen.
You die...

########## #........#
#........# #........#
#........# #### #
##........####...
...##.##................
......J@).....†...###...
......###..######.#.....
...## #..... #.#.#### .
#.###.# #+#.#### #.. #
...... .## ....... .
........ ...... ......


You could see an endoplasm.

Vanquished Creatures
  An orc priest (D:3)
  An orc wizard (D:3)
  2 adders
  A dart slug (D:1)
  3 orcs (D:3)
  4 bats
  3 endoplasms (D:1)
  8 hobgoblins
  4 jackals (D:2)
  4 kobolds
  2 quokkas
  3 ball pythons
  2 frilled lizards
  8 goblins
  3 rats (D:2)
49 creatures vanquished.

Notes
Turn   | Place    | Note
-------+----------+-------------------------------------------
     0 | D:1      | BritishOli the Demonspawn Fighter began the quest for the
                  | Orb.
     0 | D:1      | Reached XP level 1. HP: 18/18 MP: 1/1
    59 | D:1      | Gained mutation: You are partially covered in sharp spines.
                  | [demonic ancestry]
    59 | D:1      | Reached XP level 2. HP: 9/24 MP: 2/2
   742 | D:1      | Reached XP level 3. HP: 26/29 MP: 3/3
  1541 | D:2      | Found a faded altar of an unknown god.
  1863 | D:3      | Discovered your monstrous ancestry.
  1863 | D:3      | Gained mutation: You have a pair of small horns on your
                  | head. [demonic ancestry]
  1863 | D:3      | Reached XP level 4. HP: 31/35 MP: 4/4
  1921 | D:3      | HP: 1/37 [orc priest/divine providence (10)]
  1924 | D:3      | Frozen to death by an endoplasm

Illustrated notes

Levels and vault maps discovered:
D:1:      tarquinn_simple_flora_water_b, layout_basic, reono_crystal_passage
D:2:      layout_loops_cross, ebering_ecumenical_altar_petrified, minivault_14
D:3:      layout_basic, nicolae_overflow_two_pavilions, slow_altar_1

Skill      XL: |  1  2 |
---------------+-------+-----
Long Blades    | 2 |  2.7
Shields        | 3 |  3.4
Armour         | 3 |  3.4
Fighting       | |  3.8

Action                   |  1- 3 |  4- 6 || total
-------------------------+-------+-------++-------
Melee: Long sword        |    96 |    12 ||   108
       Headbutt          |       |     1 ||     1
Armor: Scale mail        |    48 |     5 ||    53
Dodge: Dodged            |    39 |       ||    39
Block: Buckler           |    20 |     2 ||    22

Table legend: (Time is in decaauts)
 A = Elapsed time spent in this place.
 B = Non-inter-level travel time spent in this place.
 C = Inter-level travel time spent in this place.
 D = Time resting spent in this place.
 E = Time spent auto-exploring this place.
 F = Levels seen in this place.
 G = Mean time per level.
                   A        B        C        D        E       F      G
               +--------+--------+--------+--------+--------+-----+--------+
         Total |   1962 |   1878 |     84 |      0 |   1597 |   3 |  654.0 |
       Dungeon |   1962 |   1878 |     84 |      0 |   1597 |   3 |  654.0 |
               +--------+--------+--------+--------+--------+-----+--------+

Top non-repeatable levels by time:
     D:1: 1006 daAuts
     D:2: 715 daAuts
     D:3: 240 daAuts
